 Dungeon Crawl Stone Soup version 0.32-a0-953-g508020473e (webtiles) character file.

Game seed: 16462868240559110832

129399 holysushi the Marksgoblin (level 17, -5/133 HPs)
             Began as a Coglin Hexslinger on Apr 17, 2024.
             Was a Believer of Okawaru.
             Slain by a five-headed hydra (11 damage)
             ... on level 1 of the Swamp.
             The game lasted 01:06:15 (37632 turns).

holysushi the Marksgoblin (Coglin Hexslinger)      Turns: 37632, Time: 01:06:16

Health: -5/133     AC:  7    Str: 10    XL:     17   Next: 5%
Magic:  23/23      EV: 28    Int: 14    God:    Okawaru [**....]
Gold:   1111       SH:  0    Dex: 23    Spells: 12/24 levels left

rFire   + . .        a - +1 sling (drain) {Dietrich}
rCold   + . .        j - +6 sling (elec) {Gustavo}
rNeg    . . .        L - +1 toga "Victory" {*Victory Int+1 Slay+1 Clar}
rPois   .            N - +0 helmet of Nish {rF+}
rElec   .            x - scarf {repulsion}
rCorr   .            M - +2 pair of gloves {hurl}
SInv    .            (no boots)
Will    +....        (amulet unavailable)
Stlth   +++          (ring unavailable)
HPRegen 1.22/turn    (ring unavailable)
MPRegen 0.58/turn    H - tertiary sprocket {rC+ Regen+ RegenMP+ Slay+3}

%: repel missiles, clarity
@: heroic, studying Fire Magic, revving
A: off-hand wielding, slow wielding, warmup strikes, no jewellery
a: Renounce Religion, Heroism


You were on level 1 of the Swamp.
You worshipped Okawaru.
Okawaru was pleased with you.
You visited 6 branches of the dungeon, and saw 26 of its levels.
You also visited: Sewer.

You collected 7892 gold pieces.
You spent 1990 gold pieces at shops.
You paid 4791 gold pieces to Gozag.

Inventory:

Hand Weapons
 a - a +1 sling of draining (weapon) {Dietrich}
 j - a +6 sling of electrocution (offhand) {Gustavo}
Missiles
 r - a throwing net
Armour
 c - the +8 chain mail of Zyngatypne {-Cast rN++ Int-3 Slay+3}
   (You bought it in a shop on level 13 of the Dungeon)

   Int-3:     It affects your intelligence (-3).
   Slay+3:    It affects your accuracy & damage with ranged weapons and melee
   (+3).
   rN++:      It greatly protects you from negative energy.
   -Cast:     It prevents spellcasting.
 x - a scarf of repulsion (worn)
 D - a +2 hat
 E - the +2 leather armour "Zawofepa" {Int+2 Dex+5}
   (You bought it in a shop on level 2 of the Lair of Beasts)

   Int+2:     It affects your intelligence (+2).
   Dex+5:     It affects your dexterity (+5).
 L - the +1 toga "Victory" (worn) {*Victory Int+1 Slay+1 Clar}
   (You found it on level 6 of the Dungeon)

   *Victory:  When the wearer kills a threatening monster, it has a chance to
   gain +1 AC, +1 Slay, and +1 Int, capping at +7.
   When the wearer uses a scroll or a potion with a hostile monster in sight,
   its bonuses reset to +0.
   Unequipping it also resets its bonuses to +0.
   Int+1:     It affects your intelligence (+1).
   Slay+1:    It affects your accuracy & damage with ranged weapons and melee
   (+1).
   Clar:      It protects you from confusion, rage, mesmerisation and fear.
 M - a +2 pair of gloves of hurling (worn)
 N - the +0 helmet of Nish (worn) {rF+}
   (You bought it in a shop on level 13 of the Dungeon)

   rF+:       It protects you from fire.
Gizmo
 H - a tertiary sprocket (installed) {rC+ Regen+ RegenMP+ Slay+3}
   (You invented it yourself on level 10 of the Dungeon)

   [tertiary sprocket]

   Slay+3:    It affects your accuracy & damage with ranged weapons and melee
   (+3).
   rC+:       It protects you from cold.
   Regen+:    It increases your rate of health regeneration.
   RegenMP+:  It increases your rate of magic regeneration.
Wands
 q - a wand of polymorph (14)
 t - a wand of mindburst (9)
 w - a wand of flame (13)
 y - a wand of charming (26)
 B - a wand of iceblast (20)
 I - a wand of acid (3)
Scrolls
 b - 5 scrolls of poison
 h - 8 scrolls of teleportation
 l - 4 scrolls of immolation
 s - a scroll of brand weapon
 u - 3 scrolls of revelation
 v - 3 scrolls of amnesia
 A - a scroll of summoning
 C - 2 scrolls of vulnerability
 J - 8 scrolls of identify
 K - 3 scrolls of enchant armour
Potions
 d - 3 potions of brilliance
 e - 3 potions of resistance
 f - 5 potions of enlightenment
 g - 4 potions of attraction
 i - a potion of invisibility
 k - 5 potions of heal wounds
 m - 3 potions of haste
 n - 16 potions of curing
 o - 3 potions of cancellation
 p - 3 potions of ambrosia
 z - a potion of magic
 F - 3 potions of might
 G - a potion of lignification
 O - 2 potions of mutation
Miscellaneous
 P - a phantom mirror


   Skills:
 - Level 12.0(17.0) Fighting
 - Level 18.0(23.0) Ranged Weapons
 - Level 15.0(20.0) Dodging
 - Level 4.0 Spellcasting
 - Level 6.0 Hexes
 - Level 8.0 Translocations
 - Level 0.8 Fire Magic
 + Level 2.9 Invocations
 + Level 5.6 Evocations


You had 12 spell levels left.
You knew the following spells:

 Your Spells              Type           Power      Damage    Failure   Level
a - Jinxbite              Hex            38%        N/A       2%          2
b - Fugue of the Fallen   Necr           2%         N/A       50%         3
c - Dimensional Bullseye  Hex/Tloc       11%        N/A       11%         4
d - Blink                 Tloc           50%        N/A       1%          2
e - Apportation           Tloc           50%        N/A       1%          1

Your spell library contained the following spells:

 Spells                   Type           Power      Damage    Failure   Level
 Lesser Beckoning         Tloc           50%        N/A       1%          2
 Maxwell's Portable Pile  Tloc           25%        2d(7-21)  2%          3
 Teleport Other           Tloc           25%        N/A       2%          3
 Sigil of Binding         Hex            19%        N/A       4%          3
 Momentum Strike          Conj/Tloc      28%        3d8       5%          2
 Passage of Golubria      Tloc           25%        N/A       7%          4
 Ensorcelled Hibernation  Hex/Ice        22%        N/A       9%          2
 Volatile Blastmotes      Fire/Tloc      30%        2d12      10%         3
 Inner Flame              Hex/Fire       12%        N/A       14%         3
 Foxfire                  Conj/Fire      16%        2x1d4     16%         1
 Cause Fear               Hex            9%         N/A       16%         4
 Magic Dart               Conj           8%         1d3       19%         1
 Necrotise                Necr           8%         1d4       19%         1
 Sandblast                Erth           4%         2d4       19%         1
 Mercury Vapours          Alch/Air       4%         N/A       28%         2
 Sublimation of Blood     Necr           2%         N/A       28%         2
 Vhi's Electric Charge    Tloc/Air       28%        N/A       36%         4
 Mephitic Cloud           Conj/Alch/Air  2%         N/A       50%         3
 Passwall                 Erth           2%         N/A       50%         3
 Stone Arrow              Conj/Erth      4%         3d7       50%         3
 Vampiric Draining        Necr           2%         2d6       50%         3
 Anguish                  Hex/Necr       5%         N/A       50%         4
 Gell's Gavotte           Tloc           12%        2d(16-24) 73%         6
 Yara's Violent Unravell  Hex/Alch       5%         3d4       83%         5
 Leda's Liquefaction      Alch/Erth      1%         N/A       88%         4
 Alistair's Intoxication  Alch           1%         N/A       99%         5
 Curse of Agony           Necr           2%         N/A       99%         5
 Freezing Cloud           Conj/Ice/Air   1%         6-21      99%         5
 Plasma Beam              Fire/Air       2%         2x1d12    100%        6
 Starburst                Conj/Fire      2%         6d3       100%        6
 Rimeblight               Ice/Necr       1%         2d3       (prima100%   7
 Tukima's Dance           Hex            Unusable   N/A       N/A         3
 Summon Small Mammal      Summ           Unusable   N/A       N/A         1
 Call Imp                 Summ           Unusable   N/A       N/A         2
 Call Canine Familiar     Summ           Unusable   N/A       N/A         3
 Martyr's Knell           Necr/Summ      Unusable   N/A       N/A         4

Dungeon Overview and Level Annotations

Branches:
Dungeon (15/15) Zot: 24551  Temple (1/1) D:5 Zot: 5979    Lair (5/5) D:10 Zot: 19489
  Swamp (1/4) Lair:3 Zot: 5236  Spider (2/4) Lair:3 Zot: 8643   Slime (0/5) Lair:4
    Orc (2/2) D:11 Zot: 9360     Elf (0/3) Orc:2        Vaults (0/5) D:13
 Depths (0/4) D:15          Sewer (visited)

Altars:
Ashenzari
Cheibriados
Dithmenos
Elyvilon
Fedhas
Gozag
Hepliaklqana
Kikubaaqudgha
Makhleb
Nemelex Xobeh
Okawaru
Qazlal
Ru
Sif Muna
Trog
Uskayaw
Vehumet
Wu Jian
Xom
Yredelemnul
Zin
The Shining One
Beogh

Shops:
D:7 (   D:10 [   D:13 [[   D:14 *   Orc:2 :?(!=   Lair:2 [   Lair:5 (

Annotations:
D:10 3 runed translucent doors, runemasterragnar's ghost, journeyman OpSh
D:13 exclusion: downstairs
Lair:2 exclusion: downstairs
Lair:4 exclusion: downstairs


Innate Abilities, Weirdness & Mutations

You can wield a second weapon in your off-hand.
It takes a long time for you to wield or remove held weapons.
Your first few attacks do less damage.
You cannot equip rings or amulets.


Message History

The sling bullet hits the five-headed hydra!
The five-headed hydra is moderately wounded.
The five-headed hydra barely misses you.
The five-headed hydra misses you. The five-headed hydra bites you.
The five-headed hydra misses you.
The five-headed hydra completely misses you.
You shoot a sling bullet.
The sling bullet hits the five-headed hydra!
The five-headed hydra is heavily wounded.
You shoot a sling bullet.
The sling bullet hits the five-headed hydra!
The five-headed hydra is heavily wounded.
The five-headed hydra bites you.
The five-headed hydra barely misses you.
The five-headed hydra misses you. The five-headed hydra bites you!
* * * LOW HITPOINT WARNING * * *
The five-headed hydra bites you!
* * * LOW HITPOINT WARNING * * *
Aiming: Corrosive Bolt
Press: ? - help, Shift-Dir - straight line, f/p - five-headed hydra
Aim: a five-headed hydra (heavily wounded, berserk, incited by Gozag, 91% to hit)
The bolt of acid hits the five-headed hydra!!
The acid corrodes the five-headed hydra!
The five-headed hydra is severely wounded.
The five-headed hydra completely misses you.
The five-headed hydra bites you!!
* * * LOW HITPOINT WARNING * * *
The five-headed hydra completely misses you.
The five-headed hydra misses you. x2
Aiming: Corrosive Bolt
Press: ? - help, Shift-Dir - straight line, f/p - five-headed hydra
Aim: a five-headed hydra (severely wounded, berserk, incited by Gozag, covered in acid, 91% to hit)
The bolt of acid hits the five-headed hydra!!
The five-headed hydra is almost dead.
The five-headed hydra completely misses you.
The five-headed hydra misses you.
The five-headed hydra barely misses you. x2
The five-headed hydra bites you but does no damage.
The five-headed hydra bites you!
You die...

♣ ♣~~.~♣.~~~.~~.~~~~♣
♣♣♣♣...♣♣♣.~~~.~~.♣~.♣
♣~~~>.......§~.~~~~.♣♣
♣♣♣♣♣~♣~~...~..~...~♣♣
♣♣♣♣~♣~...♣♣÷..~~♣
♣♣♣...~.~.~.~.♣
♣♣♣♣♣♣♣~~~[≈≈~....~.
♣♣...~♣.§~≈≈≈≈≈≈..♣~♣
♣.~D@♣♣.~~≈≈≈≈≈≈~~♣♣♣
♣.~~~~..≈≈~.~~≈≈≈~♣
♣.(..~~~~.≈≈≈~<.≈≈~~♣
♣~.~(.~~~.≈≈≈~~~≈≈~.♣
♣~♣♣♣♣.....~≈≈≈≈≈≈≈~.♣
~ ♣♣♣♣~..≈≈≈≈≈≈≈~.♣
♣.~...~~≈≈~~.~~~
♣♣.♣....~.~.~~~~.
♣♣♣~.~~..~§~~~~.


You could see a five-headed hydra (berserk, incited, corroded).

Vanquished Creatures
  Jorgrun (D:15)
  2 emperor scorpions (Spider:1)
  A ghost moth (Spider:1)
  An eleionoma (Lair:3)
  A dire elephant (Lair:5)
  Nessos (D:15)
  3 ettins
  Josephine (Lair:4)
  An entropy weaver (Spider:1)
  A yaktaur captain (D:13)
  A great orb of eyes (D:15)
  6 hydras
  2 ogre magi
  Erolcha (D:11)
  A rakshasa (D:15)
  3 centaur warriors
  9 two-headed ogres
  A catoblepas (Lair:5)
  Erica (D:9)
  A deep troll shaman (Lair:5)
  33 death yaks
  5 boulder beetles
  3 demonic crawlers (Spider:2)
  A sun demon (D:13)
  A tengu warrior (D:14)
  An occultist (D:15)
  A pharaoh ant (Spider:1)
  A spriggan druid (Swamp:1)
  3 orb spiders
  2 lindwurms
  An orc knight (D:11)
  A bog body (Swamp:1)
  A wolf spider (Spider:1)
  6 deep elf pyromancers
  2 manticores (D:13)
  21 ugly things
  An orc sorcerer (Orc:2)
  3 cyclopes
  Maurice (D:7)
  A moth of wrath (Spider:1)
  A black mamba (shapeshifter) (D:14)
  9 kobold blastminers
  3 meliai (D:15)
  15 elephants
  3 black mambas
  A smoke demon (D:14)
  15 cane toads
  The ghost of olddryhag the Firebug, a novice MDFE (D:4)
  A gargoyle (D:12)
  2 torpor snails
  13 komodo dragons
  Jeremiah (D:7)
  An unseen horror (D:11)
  A rime drake (Lair:5)
  2 efreet (D:14)
  Maggie (D:8)
  2 freezing wraiths
  2 yaktaurs (D:13)
  6 trolls
  2 tengu conjurers
  5 tarantellas
  12 blink frogs
  7 polar bears
  8 jumping spiders
  4 hornets
  5 dream sheep (Lair:5)
  8 slime creatures
  5 culicivoras
  A culicivora (shapeshifter) (D:15)
  3 shadows
  6 wraiths
  4 spriggans
  5 wyverns
  A warg (shapeshifter) (D:13)
  4 basilisks
  38 yaks
  A steam dragon (D:10)
  A hog (Lair:4)
  A human (Lair:3)
  3 wargs
  A fire elemental (D:14)
  18 redbacks
  2 acid dragons (D:10)
  A swamp worm (Swamp:1)
  15 water moccasins
  2 swamp drakes (Swamp:1)
  28 orc warriors
  2 ice beasts
  2 crocodiles (Sewer)
  17 wolves
  10 ogres
  8 boggarts
  5 black bears
  13 centaurs
  3 phantoms
  A kobold brigand (D:6)
  12 bullfrogs
  4 wights
  2 troll zombies (D:11)
  6 electric eels (Lair:3)
  6 howler monkeys
  A lava snake (D:10)
  5 hounds
  14 orc priests
  2 bombardier beetles
  3 jellies
  2 sleepcaps
  An iguana (D:5)
  15 orc wizards
  A sickly merfolk siren (Sewer)
  A malarious merfolk avatar (Sewer)
  6 ogre zombies (D:11)
  8 adders
  5 river rats
  2 shadow imps
  A white imp (D:5)
  7 dart slugs
  3 ribbon worms
  43 orcs
  8 endoplasms
  2 giant cockroaches
  3 hobgoblins (D:1)
  4 jackals (D:4)
  8 kobolds
  2 quokkas
  10 ball pythons
  5 bats
  11 frilled lizards
  6 gnoll skeletons (D:11)
  A gnoll zombie (D:11)
  7 goblins
  4 orc skeletons (D:11)
  14 orc zombies (D:11)
  35 rats
730 creatures vanquished.

Vanquished Creatures (collateral kills)
  Kirke (Lair:3)
  2 hogs
3 creatures vanquished.

Vanquished Creatures (others)
  A deep elf pyromancer (D:14)
  5 dream sheep (D:6)
  A hog (Lair:4)
  4 foxfires (D:4)
11 creatures vanquished.

Grand Total: 744 creatures vanquished

Notes
Turn   | Place    | Note
-------+----------+-------------------------------------------
     0 | D:1      | holysushi the Coglin Hexslinger began the quest for the
                  | Orb.
     0 | D:1      | Reached XP level 1. HP: 15/15 MP: 2/2
    92 | D:1      | Reached skill level 2 in Ranged Weapons
   214 | D:1      | Reached XP level 2. HP: 21/21 MP: 3/3
   552 | D:1      | Reached skill level 3 in Ranged Weapons
   613 | D:1      | Reached XP level 3. HP: 26/26 MP: 4/4
  1507 | D:2      | Reached XP level 4. HP: 25/32 MP: 5/5
  1638 | D:3      | Found an ornate altar of the Wu Jian Council.
  1674 | D:3      | Found a faded altar of an unknown god.
  1778 | D:3      | Found a snail-covered altar of Cheibriados.
  1942 | D:3      | Reached skill level 4 in Ranged Weapons
  2170 | D:4      | Noticed a phantom
  2183 | D:4      | Killed a phantom
  2184 | D:4      | Reached XP level 5. HP: 14/37 MP: 6/6
  2187 | D:4      | Learned a level 2 spell: Jinxbite
  2307 | D:4      | Reached skill level 5 in Ranged Weapons
  2316 | D:4      | Found a white marble altar of Elyvilon.
  2389 | D:4      | Found a glowing drain.
  2404 | Sewer    | Entered a sewer
  2471 | Sewer    | Reached XP level 6. HP: 43/43 MP: 4/7
  2627 | Sewer    | Reached skill level 6 in Ranged Weapons
  2721 | Sewer    | Reached XP level 7. HP: 17/48 MP: 1/8
  2836 | Sewer    | Learned a level 3 spell: Fugue of the Fallen
  3026 | D:4      | Reached skill level 7 in Ranged Weapons
  3052 | D:4      | Found a shadowy altar of Dithmenos.
  3157 | D:4      | Found a sparkling altar of Nemelex Xobeh.
  3309 | D:4      | Reached skill level 8 in Ranged Weapons
  3326 | D:4      | Identified the +1 scimitar "Kuhadd" {heavy, *Rage Str+3}
  3374 | D:4      | Reached XP level 8. HP: 54/54 MP: 9/9
  3506 | D:4      | Found a large runed translucent door.
  3508 | D:4      | Found a large runed translucent door.
  3508 | D:4      | Noticed olddryhag's ghost (novice MDFE)
  3881 | D:5      | Entered Level 5 of the Dungeon
  4222 | D:5      | Reached skill level 9 in Ranged Weapons
  4757 | D:5      | Found a staircase to the Ecumenical Temple.
  4940 | Temple   | Entered the Ecumenical Temple
  4950 | Temple   | Became a worshipper of Gozag Ym Sagoz the Greedy
  5098 | D:6      | Reached skill level 10 in Ranged Weapons
  5267 | D:6      | Reached XP level 9. HP: 59/59 MP: 7/10
  5503 | D:6      | Noticed a cyclops
  5510 | D:6      | Killed a cyclops
  5511 | D:6      | Reached skill level 11 in Ranged Weapons
  5610 | D:6      | Found a shimmering altar of Xom.
  5786 | D:6      | Found an iron altar of Okawaru.
  5788 | D:6      | Found a runed translucent door.
  5792 | D:6      | Found the +0 toga "Victory" {*Victory Clar}
  5831 | D:6      | Learned a level 1 spell: Apportation
  5834 | D:6      | Learned a level 2 spell: Blink
  5946 | D:7      | Found a burning altar of Makhleb.
  6166 | D:7      | Noticed Maurice
  6170 | D:7      | Maurice stole 578 gold
  6173 | D:7      | Maurice stole a throwing net
  6178 | D:7      | Killed Maurice
  6557 | D:7      | Found a hide-covered altar of Uskayaw.
  6557 | D:7      | Noticed a +0 hand axe
  6558 | D:7      | Noticed a +0 dagger
  6776 | D:7      | Noticed Jeremiah
  6797 | D:7      | Killed Jeremiah
  6798 | D:7      | Reached skill level 12 in Ranged Weapons
  6798 | D:7      | Reached XP level 10. HP: 52/65 MP: 12/14
  6945 | D:7      | Found an ancient bone altar of Kikubaaqudgha.
  6957 | D:7      | Found a hazy altar of Hepliaklqana.
  6981 | D:7      | Found a blossoming altar of Fedhas.
  7022 | D:7      | Learned a level 4 spell: Dimensional Bullseye
  7499 | D:8      | Noticed Maggie
  7511 | D:8      | Killed Maggie
  7512 | D:8      | Reached skill level 1 in Translocations
  7821 | D:8      | Got the Directory of the Spawned Ground
  8112 | D:9      | Noticed a two-headed ogre
  8118 | D:9      | Killed a two-headed ogre
  8211 | D:9      | Noticed Erica
  8902 | D:9      | Found a radiant altar of Vehumet.
  9840 | D:9      | Killed Erica
 10212 | D:10     | Entered Level 10 of the Dungeon
 10269 | D:10     | Found Kocreun's Armour Shoppe.
 10347 | D:10     | Found a runed translucent gate.
 10348 | D:10     | Found a runed translucent gate.
 10349 | D:10     | Found a runed translucent gate.
 10349 | D:10     | Noticed runemasterragnar's ghost (journeyman OpSh)
 10353 | D:10     | Noticed a kobold demonologist
 10403 | D:10     | Found a staircase to the Lair.
 10529 | D:10     | Noticed a two-headed ogre
 10537 | D:10     | Noticed a gargoyle
 10844 | D:10     | Reached XP level 11. HP: 71/71 MP: 12/15
 11136 | D:10     | Found a glowing golden altar of the Shining One.
 11253 | D:10     | Noticed a two-headed ogre
 11263 | D:10     | Killed a two-headed ogre
 11264 | D:10     | Reached skill level 13 in Ranged Weapons
 11264 | D:10     | Reached skill level 5 in Hexes
 11752 | Lair:1   | Entered Level 1 of the Lair of Beasts
 11878 | D:10     | Found a runed translucent door.
 11942 | D:11     | Found a staircase to the Orcish Mines.
 12081 | D:11     | Noticed a two-headed ogre
 12087 | D:11     | Killed a two-headed ogre
 12310 | Lair:1   | Reached skill level 5 in Translocations
 12859 | Lair:1   | Reached skill level 5 in Dodging
 13289 | Lair:2   | Reached XP level 12. HP: 83/83 MP: 14/18
 13350 | Lair:2   | Noticed a death yak
 13350 | Lair:2   | Noticed a death yak
 13350 | Lair:2   | Noticed a death yak
 13385 | Lair:2   | Killed a death yak
 13615 | Lair:2   | Noticed a death yak
 13631 | Lair:2   | Noticed a death yak
 13662 | Lair:1   | Killed a death yak
 13663 | Lair:1   | Reached skill level 14 in Ranged Weapons
 14238 | Lair:2   | Reached skill level 5 in Fighting
 15155 | Lair:3   | Reached skill level 1 in Evocations
 15854 | Lair:3   | Found a staircase to the Swamp.
 15854 | Lair:3   | Noticed an eleionoma
 15929 | Lair:3   | Found a hole to the Spider Nest.
 15954 | Lair:2   | Bought the +2 leather armour "Zawofepa" {Int+2 Dex+5} for
                  | 606 gold pieces
 16009 | Lair:2   | Killed a death yak
 16249 | Lair:1   | Killed a death yak
 16325 | Lair:1   | Killed a death yak
 16326 | Lair:1   | Reached XP level 13. HP: 45/96 MP: 5/19
 17346 | Lair:3   | Killed an eleionoma
 17622 | D:10     | Identified the +5 whip "Ramnuuwi" {drain, rElec Dex+5}
 17625 | D:10     | Found a runed translucent gate.
 17625 | D:10     | Found a runed translucent gate.
 17625 | D:10     | Found a runed translucent gate.
 17625 | D:10     | Found a runed translucent gate.
 17625 | D:10     | Found a runed translucent gate.
 17628 | D:10     | Found a runed translucent gate.
 17702 | D:11     | Reached skill level 10 in Dodging
 18432 | Orc:1    | Entered Level 1 of the Orcish Mines
 18432 | Orc:1    | Noticed Erolcha
 18432 | Orc:1    | Noticed an ettin
 19736 | D:13     | Identified the +7 orcbow "Daadd" {freeze, Int+4}
 19803 | D:13     | Noticed a yaktaur captain
 19816 | D:13     | Killed a yaktaur captain
 19904 | D:13     | Found a gate to the Vaults.
 20556 | D:14     | Identified the +9 demon whip of Descent {flame, Will+
                  | Dex+6}
 20556 | D:14     | Noticed a fire giant
 21408 | D:10     | Reached XP level 14. HP: 105/106 MP: 17/20
 21434 | D:10     | Acquired a tertiary sprocket {rC+ Regen+ RegenMP+ Slay+3}
 21684 | Lair:4   | Noticed Kirke
 21707 | Lair:3   | Killed Kirke
 22105 | Lair:4   | Noticed Josephine
 22114 | Lair:4   | Killed Josephine
 22944 | Lair:4   | Found a staircase to the Slime Pits.
 23118 | Lair:5   | Entered Level 5 of the Lair of Beasts
 23130 | Lair:5   | Reached skill level 15 in Ranged Weapons
 23279 | Lair:4   | Identified the ring of Ewnoust {Fire Str+4}
 23707 | Lair:5   | Reached skill level 10 in Fighting
 24290 | Lair:5   | Reached XP level 15. HP: 117/117 MP: 19/21
 25980 | Lair:5   | Identified the +1 ring mail of Untold Secrets {rElec rC+}
 26083 | Lair:5   | Reached skill level 16 in Ranged Weapons
 26203 | Lair:5   | Identified the +8 trident of Karma {freeze, *Corrode rPois
                  | Str+6}
 26519 | D:11     | Killed Erolcha
 27862 | Orc:2    | Entered Level 2 of the Orcish Mines
 27862 | Orc:2    | Found a staircase to the Elven Halls.
 29095 | Orc:2    | Found a roughly hewn altar of Beogh.
 29235 | Orc:2    | Found Kujutt's Weapon Shop.
 29235 | Orc:2    | Found Dasecezo's Distillery.
 29238 | Orc:2    | Found Guluyn's Jewellery Emporium.
 29240 | Orc:2    | Found Pizanki's Magic Scroll Boutique.
 29245 | Orc:2    | Bought a potion of curing for 42 gold pieces
 29245 | Orc:2    | Bought a potion of curing for 42 gold pieces
 29245 | Orc:2    | Bought a potion of curing for 42 gold pieces
 29245 | Orc:2    | Bought a potion of curing for 42 gold pieces
 29252 | Orc:2    | Bought a scroll of enchant armour for 105 gold pieces
 29252 | Orc:2    | Bought a scroll of blinking for 105 gold pieces
 29252 | Orc:2    | Bought a scroll of brand weapon for 133 gold pieces
 29354 | Orc:2    | Found Kafonerch's Book Emporium.
 29862 | D:14     | Reached XP level 16. HP: 127/127 MP: 22/22
 29880 | D:14     | Found Gozag's Platinum Reserve.
 29988 | D:14     | Found an opulent altar of Gozag.
 30464 | D:13     | Bought a pair of embroidered gloves for 247 gold pieces
 30464 | D:13     | Bought a scorched helmet for 313 gold pieces
 30464 | D:13     | Identified the +0 helmet of Nish {rF+} (You bought it in a
                  | shop on level 13 of the Dungeon)
 30485 | D:13     | Bought a faintly glowing chain mail for 313 gold pieces
 30485 | D:13     | Identified the +8 chain mail of Zyngatypne {-Cast rN++
                  | Int-3 Slay+3} (You bought it in a shop on level 13 of the
                  | Dungeon)
 30517 | D:15     | Entered Level 15 of the Dungeon
 30761 | D:15     | Reached skill level 17 in Ranged Weapons
 30875 | D:15     | Noticed Nessos
 30879 | D:15     | Killed Nessos
 31487 | D:15     | Found a staircase to the Depths.
 31814 | D:15     | Noticed Jorgrun
 31827 | D:15     | Killed Jorgrun
 32277 | D:6      | Fell from the grace of Gozag
 32277 | D:6      | Became a worshipper of Warmaster Okawaru
 32467 | Spider:1 | Entered Level 1 of the Spider Nest
 34000 | Spider:1 | Identified the +0 leather armour "Zintyajoeq" {rElec Str+4
                  | Dex+3}
 34143 | Spider:1 | Reached * piety under Okawaru
 34415 | Spider:2 | Reached skill level 15 in Dodging
 34658 | Spider:1 | Reached skill level 1 in Invocations
 34854 | Spider:2 | HP: 3/127 [poisoned by an emperor scorpion]
 35799 | Spider:2 | Reached ** piety under Okawaru
 36276 | D:4      | Killed olddryhag's ghost
 36773 | Swamp:1  | Entered Level 1 of the Swamp
 36888 | Swamp:1  | Reached skill level 5 in Evocations
 37042 | Swamp:1  | Reached XP level 17. HP: 133/133 MP: 23/23
 37280 | Lair:3   | Reached skill level 18 in Ranged Weapons
 37631 | Swamp:1  | HP: 4/133 [five-headed hydra (18)]
 37632 | Swamp:1  | Slain by a five-headed hydra

Illustrated notes

Levels and vault maps discovered:
D:1:      nzn_arrival_settlement, layout_loops_corners, minmay_rat_gold_closets
D:2:      layout_loops_ring, serial_bayou_lagoon_b
D:3:      layout_basic, pdpol_wu_jian_five_deadly_venoms,
          kennysheep_slug_shrine, chequers_ecumenical_altar_simple
D:4:      layout_loops_corners, elyvilon_altar_5,
          mainiacjoe_overflow_tiny_flanked, grunt_dithmenos_smoke_and_mirrors,
          ebering_ghost_disaster_area, cheibrodos_sewer_entry_sluice,
          grunt_ministairs_8, minmay_increasing_density
D:5:      layout_gridville, minmay_temple_entry_glassed_door
D:6:      layout_loops_cross, kb_xom_exploding_sheep,
          nicolae_overflow_guarded_unrand_okawaru_victory
D:7:      layout_basic, grunt_temple_overflow_growth_and_decay,
          dancing_weapons_uskayaw, lemuel_coloured_pillars_altar,
          worldfamousw_hep_ancestral_shrine, uniq_maurice, uniq_jeremiah
D:8:      layout_loops_ring, palyth_stone_intersect,
          minmay_misc_feat_secret_circle, uniq_maggie
D:9:      layout_layer_cave, mainiacjoe_overflow_surrounded_room, uniq_erica
D:10:     gammafunk_indiana_jones, layout_loops_ring,
          mainiacjoe_overflow_brackets, lair_entry_dummy, serial_shops, shop,
          gammafunk_ghost_nasty_kobolds, st_stairs_7, minmay_stone_trees_large
D:11:     layout_irregular_city, zombieorc2_lemuel
D:12:     layout_roguey
D:13:     layout_loops_corners, david_vaults_2
D:14:     minmay_firetagon, layout_loops_corners,
          nicolae_gozag_zags_fifth_avenue
D:15:     gammafunk_enter_depths_forms, layout_stronghold,
          chequers_serial_rivers_room_a, minivault_22, uniq_jorgrun, uniq_nessos
Temple:   nicolae_temple_godpark
Lair:1:   layout_long_grid, beast_lair_carwin_9
Lair:2:   layout_regular_city, st_stairs_7
Lair:3:   layout_regular_city, alex1729_swamp_entry_worm_eleionoma,
          spider_nest_entry_funnel_web, serial_bayou, serial_bayou_shore_a,
          serial_bayou_pond_e, serial_bayou_pond_b, serial_bayou_pond_a,
          serial_bayou_lake_a, serial_bayou_pond_d, grunt_forest_stairs_clearing
Lair:4:   layout_gridlike, dpeg_slime_entry_enclosed,
          chequers_serial_rivers_large_a, chequers_serial_rivers_large_b,
          grunt_megastairs_4, uniq_kirke, uniq_josephine
Lair:5:   grunt_lair_end_beastmaster, layout_regular_city, grunt_megastairs_2
Swamp:1:  layout_basic_swamp, evilmike_swamp_ruin_house_4,
          infiniplex_staircase_pool_2
Spider:1: layout_cave_pods
Spider:2: nicolae_spider_hall_of_the_moth_king, uniq_arachne
Orc:1:    layout_caves, uniq_erolcha
Orc:2:    st_orc_rangers, layout_caves, serial_shops,
          nicolae_shop_real_fake_doors, basic_altar

Skill      XL: |  1  2  3  4  5  6  7  8  9 10 11 12 13 14 15 16 17 |
---------------+----------------------------------------------------+-----
Ranged Weapons | 2 3 4 5 6 8 10 12 13 14 15 16 17 18 | 18.0
Spellcasting   | 3 4 |  4.0
Hexes          | 4 6 |  6.0
Translocations | 4 6 7 8 |  8.0
Dodging        | 3 5 8 10 12 13 15 | 15.0
Fighting       | 4 7 8 10 12 | 12.0
Evocations     | 3 5 |  5.6
Invocations    | 2 |  2.9
Fire Magic     | |  0.8

Action                     |  1- 3 |  4- 6 |  7- 9 | 10-12 | 13-15 | 16-18 || total
---------------------------+-------+-------+-------+-------+-------+-------++-------
  Melee: Sling             |       |       |       |    14 |       |       ||    14
         Unarmed           |       |       |       |       |     8 |       ||     8
   Fire: Sling             |   158 |   210 |   422 |  1116 |  2042 |  1028 ||  4976
   Cast: Jinxbite          |       |     5 |    19 |   105 |   137 |    38 ||   304
         Blink             |       |       |       |    15 |    39 |    13 ||    67
         Dimensional Bulls |       |       |       |     9 |    18 |       ||    27
 Invoke: Call Merchant     |       |       |       |     2 |     2 |     1 ||     5
         Heroism           |       |       |       |       |       |     2 ||     2
Ability: Invent Gizmo      |       |       |       |       |     1 |       ||     1
  Evoke: Wand              |       |       |       |     3 |    13 |     8 ||    24
    Use: Scroll            |       |     8 |     4 |    18 |     9 |     5 ||    44
         Potion            |       |       |       |     3 |     2 |     6 ||    11
   Stab: Distracted        |       |       |       |       |     1 |       ||     1
 Armour: Robe              |     4 |    32 |    31 |     1 |       |    28 ||    96
         Steam dragon scal |       |       |       |   143 |       |       ||   143
         Leather armour    |       |       |       |     8 |   220 |   111 ||   339
         Skin              |       |       |       |       |     2 |       ||     2
  Dodge: Dodged            |     6 |    37 |    34 |   126 |   305 |   281 ||   789
         Repelled          |       |       |       |     8 |    19 |     2 ||    29

Table legend: (Time is in decaauts)
 A = Elapsed time spent in this place.
 B = Non-inter-level travel time spent in this place.
 C = Inter-level travel time spent in this place.
 D = Time resting spent in this place.
 E = Time spent auto-exploring this place.
 F = Levels seen in this place.
 G = Mean time per level.
                   A        B        C        D        E       F      G
               +--------+--------+--------+--------+--------+-----+--------+
         Total |  37386 |  33830 |   3556 |  10400 |  16970 |  27 | 1384.7 |
       Dungeon |  19451 |  17108 |   2343 |   3251 |  11107 |  15 | 1296.7 |
        Temple |     20 |      3 |     17 |      0 |      0 |   1 |   20.0 |
          Lair |  10510 |   9495 |   1015 |   2948 |   4034 |   5 | 2102.0 |
         Swamp |    762 |    762 |      0 |    592 |      0 |   1 |  762.0 |
   Spider Nest |   3356 |   3231 |    125 |   1948 |    796 |   2 | 1678.0 |
  Orcish Mines |   2639 |   2586 |     53 |   1507 |    759 |   2 | 1319.5 |
         Sewer |    645 |    645 |      0 |    153 |    272 |   1 |  645.0 |
               +--------+--------+--------+--------+--------+-----+--------+

Top non-repeatable levels by time:
  Lair:3: 2610 daAuts
  Lair:4: 2254 daAuts
Spider:1: 2225 daAuts
  Lair:5: 2181 daAuts
     D:9: 2098 daAuts
    D:10: 1991 daAuts
  Lair:2: 1767 daAuts
  Lair:1: 1697 daAuts
    D:13: 1650 daAuts
    D:15: 1517 daAuts
     D:7: 1500 daAuts
    D:11: 1481 daAuts
   Orc:2: 1479 daAuts
    D:14: 1306 daAuts
     D:4: 1283 daAuts
